Unix NetHack Version 5.0.0-0 post-release - last build Jul 19 2026 19:10:59 (3aa4ab31751d3886436d94b585a96704892fd477,branch:main).

Game began 2026-07-27 10:55:43, ended 2026-07-27 11:06:13.

FoolishJester, lawful male human Knight

     -------.-.-                                 -------       -----------
     |.........+                                 |..>..|       |.........|
     |.........|                             ####......|      #..........|
     |.........|                             #   |.....-#     #|..........#
     |..........#                            #   -------#     #-----------#
     -----|-.---#                            #          #     #          ##
          ##    ##                           #          #     #          #
           #     #                          ##          #     #          #
           ##    ### -------------     ######           #     #          #
   ---------@-     # |............#########             #     #        ###
   |[(!?!!%*@|     ##|...........|  ####                #     #        #-----
   |(%)%)*.[m|      #|............                    #####   #        #|(..|
   |!%!%=%%[.|      #............|                    #---.---#        #|...|
   ----)%[--.-       -------------                    #|.....|#        #....|
      |)+?|                                           #.....{|#         |...|
      |?)%|                                            |.....-#         |...|
      -----                                            |....<|          -----
                                                       |.....|
                                                       -------

FoolishJester the Esquire  St:18 Dx:8 Co:13 In:7 Wi:15 Ch:18  Lawful
Dlvl:2  $:0  HP:0(26) Pw:20(20) AC:3  Xp:3 T:502 

Latest messages:
 Pick a monster, object or location.
 You do not owe Aklavik anything.
 You see here an orange potion (for sale, 67 zorkmids).
 What do you want to drop? [$a-ik-r or ?*] o
 You drop 2 yellow gems.
 Aklavik offers 10 gold pieces for your yellow gems.  Sell them? y
 You sold 2 yellow gems for 10 gold pieces.
 You see here a slime mold (for sale, 11 zorkmids).
 You see here a food ration (for sale, 30 zorkmids).
 You see here a black gem (for sale, 567 zorkmids).
 The saddled pony picks up a slime mold.
 You see here a steel ring (for sale, 200 zorkmids).
 You see here 2 eucalyptus leaves (for sale, 6 zorkmids).
 You see here a steel ring (for sale, 200 zorkmids).
 You see here 8 shuriken (for sale, 24 zorkmids).
 You see here a black gem (for sale, 567 zorkmids).
 You see here a food ration (for sale, 30 zorkmids).
 You see here 2 yellow gems (for sale, 934 zorkmids).
 The saddled pony drops a slime mold.
 You stop.  Your saddled pony is in the way!
 You stop.  Your saddled pony is in the way!
 "Salutations, FoolishJester!  Welcome again to Aklavik's general store!"
 The saddled pony picks up a slime mold.
 You stop.  Your saddled pony is in the way!
 What do you want to zap? [m or ?*] m
 In what direction?
 Aklavik leaps towards you!
 Aklavik gets angry!
 "How dare you dig into my shop?"
 Aklavik zaps a silver wand!
 The wand misses you.
 The wand hits the saddled pony!
 The saddled pony is killed!
 Pick a monster, object or location.
 What do you want to zap? [m or ?*] m
 In what direction?
 Aklavik zaps a wand of striking!
 The wand hits you!
 An orange potion shatters!
 The wand hits the small mimic!
 You miss Aklavik.
 Aklavik zaps a wand of striking!
 The wand hits you!
 You die...
 Aklavik takes all your possessions.
 Do you want to see what you had when you died? y
 Do you want to see your attributes? y
 Do you want an account of creatures vanquished? y
 Do you want to see your conduct and achievements? y
 Do you want to see the dungeon overview? y

Inventory:
 Weapons  (')')
  a - a +1 long sword (weapon in right hand)
  b - a +1 lance (alternate weapon; not wielded)
 Armor    ('[')
  d - a blessed +0 helmet (being worn)
  f - an uncursed +0 pair of leather gloves (being worn)
  e - an uncursed +0 small shield (being worn)
  c - an uncursed +1 ring mail (being worn)
 Comestibles  ('%')
  g - 9 uncursed apples
  h - 8 uncursed carrots
  k - 2 uncursed food rations
 Scrolls  ('?')
  q - an uncursed scroll of confuse monster
  n - a blessed scroll of create monster
  p - an uncursed scroll of enchant weapon
 Potions  ('!')
  l - a cursed potion of acid
  r - a cursed potion of healing
 Wands    ('/')
  m - a wand of digging (0:3)
 Tools    ('(')
  i - an uncursed mirror

FoolishJester the Knight's attributes:

Background:
 You were an Esquire, a level 3 male human Knight.
 You were lawful, on a mission for Lugh
 who was opposed by Brigit (neutral) and Manannan Mac Lir (chaotic).
 You were right-handed.
 You were in the Dungeons of Doom, on level 2.
 You entered the dungeon 502 turns ago.
 You had 40 experience points, 40 more were needed to attain level 4.

Basics:
 You had 0 out of 26 hit points.
 You had all 20 energy points (spell power).
 Your armor class was 3.
 Your wallet was empty.
 Autopickup was off.

Final Characteristics:
 Your strength was 18 (limit:18/100).
 Your dexterity was 8 (limit:18).
 Your constitution was 13 (limit:18).
 Your intelligence was 7 (limit:18).
 Your wisdom was 15 (limit:18).
 Your charisma was 18 (limit:18).

Final Status:
 You weren't hungry.
 You were unencumbered.
 You were wielding a long sword.
 You had basic skill with long sword.

Final Attributes:
 You were fervently aligned.
 You could jump.
 You were warded.
 You are dead.

Miscellaneous:
 You didn't encounter any bones levels.
 Total elapsed playing time was 10 minutes and 26 seconds.

Major events:
 Turn
    1: FoolishJester the lawful male human Knight entered the dungeon
  455: attained the rank of Esquire (level 3)
  502: killed by a wand

You didn't know any spells.

Skills:
 Fighting Skills
   bare handed combat [Unskilled]
   two weapon combat  [Unskilled]
   riding             [Basic]
 Weapon Skills
   dagger             [Unskilled]
   knife              [Unskilled]
   axe                [Unskilled]
   pick-axe           [Unskilled]
   short sword        [Unskilled]
   broadsword         [Unskilled]
   long sword         [Basic]
   two-handed sword   [Unskilled]
   saber              [Unskilled]
   club               [Unskilled]
   mace               [Unskilled]
   morning star       [Unskilled]
   flail              [Unskilled]
   hammer             [Unskilled]
   polearms           [Unskilled]
   spear              [Unskilled]
   trident            [Unskilled]
   lance              [Basic]
   bow                [Unskilled]
   crossbow           [Unskilled]
 Spellcasting Skills
   attack spells      [Unskilled]
   healing spells     [Unskilled]
   clerical spells    [Unskilled]

Voluntary challenges:
 Character rerolling was not enabled.
 You followed a strict vegan diet.
 You were an atheist.
 You never genocided any monsters.
 You never polymorphed an object.
 You never changed form.
 You used no wishes.
Achievements:
 You attained the rank of Esquire.
 You entered a shop.

 The Dungeons of Doom: levels 1 to 2
    Level 1:
       Some fountains.
    Level 2: <- You were here.
       A general store, a sink.
       Final resting place for
          you, killed by a wand.


Vanquished creatures:
  a pony
  a large kobold
  2 giant rats
  3 jackals
  a goblin
  3 grid bugs
  4 lichens
  a kobold zombie
  a newt
17 creatures vanquished.

No species were genocided or became extinct.

Game over:
                       ----------
                      /          \
                     /    REST    \
                    /      IN      \
                   /     PEACE      \
                  /                  \
                  |  FoolishJester   |
                  |       0 Au       |
                  | killed by a wand |
                  |                  |
                  |                  |
                  |                  |
                  |       2026       |
                 *|     *  *  *      | *
        _________)/\\_//(\/(/\)/\//\/|_)_______

Fare thee well FoolishJester the Knight...

You died in The Dungeons of Doom on dungeon level 2 with 220 points,
and 0 pieces of gold, after 502 moves.
You were level 3 with a maximum of 26 hit points when you died.

